AoeStats
← MagicMind

Arena

506258078Analyzed
4v4 RM · 19d ago on Sep 12, 2026· 50m 37s· 8 players
Game mode
Random Map
Map size
Large (8 player)
Population
200
Speed
Normal
Resources
Standard
Victory
Conquest
Starting age
Dark Age
Ending age
Imperial Age
RankedLock teamsTeams togetherTeam positionsShared explorationLock speedFull tech treeHidden civsTurbo modeCheats
Victory
Defeat
🇫🇷 Cumans · France
1035
+14
🇺🇸 Slavs · United States
1035
+14
🇪🇸 Vietnamese · Spain
962
+17
🇨🇦 Inca · Canada
962
+17
🇨🇱 Teutons · Chile
1084
-18
🇨🇱 Franks · Chile
977
-15
🇦🇷 Turks · Argentina
971
-15
🇨🇱 Celts · Chile
946
-14
Keikz
5:26 Loom
10:57 Feudal Age
15:21 Castle Age
16:22 Thumb Ring
18:42 Horse Collar
19:24 Fletching
20:41 Padded Archer Armor
22:53 Wheelbarrow
22:46 Double-Bit Axe
25:31 Bow Saw
26:13 Bloodlines
26:04 Husbandry
27:02 Ballistics
27:18 Hand Cart
27:33 Bodkin Arrow
30:07 Gold Mining
30:41 Sipahi
30:58 Leather Archer Armor
32:10 Heavy Plow
36:56 Imperial Age
37:23 Heavy Cavalry Archer
39:56 Parthian Tactics
39:43 Capped Ram
Rauliño
10:35 Feudal Age
14:32 Castle Age
14:35 Double-Bit Axe
14:52 Gold Mining
14:58 Loom
18:24 Scale Mail Armor
18:14 Arson
21:08 Fletching
29:50 Imperial Age
29:03 Wheelbarrow
29:19 Ironclad
31:03 Bow Saw
31:51 Chain Mail Armor
32:42 Hand Cart
35:03 Stone Mining
34:56 Horse Collar
36:59 Heavy Scorpion
38:30 Forging
38:10 Elite Teutonic Knight
39:22 Plate Mail Armor
39:36 Stone Shaft Mining
40:10 Two-Man Saw
40:13 Conscription
40:51 Iron Casting
40:49 Masonry
41:53 Squires
42:57 Blast Furnace
44:27 Chemistry
maltax3
10:23 Feudal Age
10:50 Double-Bit Axe
18:18 Castle Age
16:55 Wheelbarrow
16:05 Loom
16:06 Town Watch
19:24 Gold Mining
19:50 Forging
19:46 Scale Barding Armor
19:47 Husbandry
21:41 Stone Mining
22:25 Bow Saw
25:18 Iron Casting
27:19 Chain Barding Armor
32:15 Gold Shaft Mining
36:22 Imperial Age
34:03 Caravan
37:22 Cavalier
39:12 Blast Furnace
38:35 Hand Cart
41:20 Paladin
42:43 Chivalry
43:05 Conscription
45:20 Plate Barding Armor
48:04 Town Patrol
50:15 Chemistry
50:30 Siege Engineers
Kenmarks
12:25 Feudal Age
17:05 Castle Age
16:15 Double-Bit Axe
16:28 Loom
17:00 Stone Mining
16:52 Horse Collar
21:26 Bow Saw
31:25 Gold Mining
31:56 Heavy Plow
32:00 Scale Mail Armor
32:11 Forging
31:34 Pikeman
32:03 Arson
32:04 Gambesons
33:43 Wheelbarrow
36:35 Imperial Age
36:11 Gold Shaft Mining
36:45 Iron Casting
36:57 Chain Mail Armor
38:53 Hand Cart
JDTChief
10:07 Loom
11:52 Feudal Age
16:55 Castle Age
14:52 Horse Collar
14:59 Double-Bit Axe
15:06 Gold Mining
16:04 Stone Mining
19:21 Heavy Plow
19:33 Bow Saw
22:38 Wheelbarrow
24:16 Hand Cart
29:29 Forging
29:37 Scale Barding Armor
30:41 Detinets
31:59 Chain Barding Armor
32:19 Iron Casting
35:51 Imperial Age
34:11 Chain Barding Armor
35:37 Bloodlines
35:27 Husbandry
37:22 Plate Barding Armor
37:48 Blast Furnace
37:25 Plate Barding Armor
37:39 Conscription
39:13 Gold Shaft Mining
39:49 Two-Man Saw
39:21 Crop Rotation
38:30 Elite Boyar
39:22 Siege Engineers
40:18 Chemistry
39:52 Town Watch
46:11 Fletching
46:42 Ballistics
46:20 Murder Holes
47:18 Masonry
47:22 Bodkin Arrow
47:39 Fortified Wall
Coffee Bean
10:46 Feudal Age
14:34 Horse Collar
14:41 Double-Bit Axe
18:24 Castle Age
17:08 Wheelbarrow
16:28 Gold Mining
17:03 Stone Mining
19:29 Heavy Plow
19:51 Bow Saw
20:19 Gold Shaft Mining
23:58 Coinage
28:07 Stone Shaft Mining
32:19 Imperial Age
30:06 Hand Cart
30:32 Treadmill Crane
31:42 Forging
31:32 Scale Mail Armor
31:58 Ballistics
31:49 Masonry
31:37 Town Watch
31:38 Champi Runner
32:19 Squires
32:04 Arson
33:06 Iron Casting
32:25 Champi Warrior
32:28 Pikeman
33:41 Crop Rotation
33:43 Conscription
34:02 Elite Champi Warrior
35:02 Guilds
35:42 Chain Mail Armor
37:17 Blast Furnace
36:44 Fabric Shields
38:52 Plate Mail Armor
40:16 Halberdier
42:01 Banking
41:28 Fletching
41:51 Fortified Wall
42:44 Chemistry
45:40 Town Patrol
45:29 Loom
45:36 Fletching
45:47 Padded Archer Armor
45:49 Caravan
46:51 Chemistry
45:36 Arrowslits
45:42 Guard Tower
45:43 Heated Shot
45:49 Murder Holes
46:15 Shipwright
46:05 Clinker Construction
46:06 Careening
46:15 Siege Engineers
47:44 Sanctity
47:24 Devotion
47:32 Thumb Ring
46:48 Elite Skirmisher
46:49 Crossbowman
46:51 Capped Ram
48:00 Illumination
47:41 Heavy Scorpion
49:03 Theocracy
48:24 Herbal Medicine
50:18 Siege Ram
50:21 Onager
50:24 Imperial Skirmisher
51:10 Bodkin Arrow
MagicMind
0:29 Loom
12:55 Feudal Age
14:34 Wheelbarrow
16:39 Castle Age
14:57 Double-Bit Axe
15:38 Gold Mining
15:31 Horse Collar
16:18 Stone Mining
18:43 Bow Saw
25:12 Heavy Plow
25:41 Pikeman
29:42 Imperial Age
28:40 Forging
28:23 Town Watch
28:48 Scale Mail Armor
29:15 Squires
30:39 Iron Casting
33:23 Two-Man Saw
32:45 Hand Cart
36:28 Chain Mail Armor
38:09 Plate Mail Armor
38:19 Arson
38:42 Halberdier
41:40 Fletching
45:05 Thumb Ring
45:02 Padded Archer Armor
48:52 Crop Rotation
49:11 Town Patrol
49:11 Bodkin Arrow
50:46 Chemistry
senninha
7:54 Loom
11:02 Feudal Age
14:53 Castle Age
13:59 Double-Bit Axe
14:50 Town Watch
15:41 Wheelbarrow
16:32 Gold Mining
17:32 Padded Archer Armor
17:25 Fletching
18:31 Horse Collar
19:44 Capped Ram
21:28 Padded Archer Armor
23:27 Bodkin Arrow
26:11 Hand Cart
26:38 Ballistics
26:35 Leather Archer Armor
31:28 Imperial Age
30:38 Gold Shaft Mining
33:15 Bow Saw
33:50 Ring Archer Armor
34:40 Masonry
36:09 Bloodlines
37:50 Stone Mining
37:41 Cavalier
40:01 Conscription
41:57 Chemistry
40:37 Elite Skirmisher
43:42 Thumb Ring
44:14 Heavy Plow
45:51 Siege Ram
46:56 Light Cavalry
49:15 Two-Man Saw
49:18 Elite Kipchak
51:07 Murder Holes
Connection lost

Rejoining the realm…

Still unreachable

The connection could not be restored.

Session expired

The server has moved on; the page needs a fresh start.